 Dungeon Crawl Stone Soup version 0.26-a0-154-g3d63440f56 (webtiles) character file.

Game seed: 18398994398360203313

1952 Flugslaktarn the Grappler (level 8, -2/114 HPs)
             Began as a Troll Venom Mage on June 30, 2020.
             Was a Believer of Makhleb.
             Slain by a killer bee (4 damage)
             ... on level 8 of the Dungeon.
             The game lasted 00:09:25 (1938 turns).

Flugslaktarn the Grappler (Troll Venom Mage)        Turns: 1938, Time: 00:09:25

Health: -2/114     AC: 24    Str: 17    XL:     8   Next: 99%
Magic:  10/10      EV:  1    Int: 13    God:    Makhleb [**....]
Gold:   277        SH:  0    Dex: 16    Spells: 8/9 levels left

rFire    . . .     SeeInvis .     - Unarmed
rCold    . . .     Faith    .   (no shield)
rNeg     + + +     Spirit   .   (armour currently unavailable)
rPois    +         Reflect  .   (helmet currently unavailable)
rElec    .         Harm     .   (cloak currently unavailable)
rCorr    .         NoTele   +   (gloves unavailable)
MR       .....                  (boots unavailable)
Stlth    ++........             (no amulet)
HPRegen  0.69/turn              k - +6 ring of dexterity
MPRegen  0.12/turn              (no ring)

@: brilliant, lethally poisoned (-2 -> -3), tree-form
A: large, unfitting armour, fast metabolism 3, gourmand, regeneration 1
a: Minor Destruction, Renounce Religion


You were on level 8 of the Dungeon.
You worshipped Makhleb.
Makhleb was pleased with you.
You were very hungry.
You were a tree.
You visited 1 branch of the dungeon, and saw 8 of its levels.

You collected 277 gold pieces.

Inventory:

Missiles
 b - 26 poisoned darts (quivered)
 g - 99 arrows
 j - 7 curare-tipped darts
 m - a throwing net
 t - 2 boomerangs
Armour
 a - a +0 robe (melded)
 l - a +0 hat
   (You found it on level 4 of the Dungeon)
Magical Staves
 u - an uncursed staff of death {unknown}
   (You found it on level 7 of the Dungeon)
Jewellery
 k - a +6 ring of dexterity (left branch)
   (You found it on level 4 of the Dungeon)
Wands
 p - a wand of random effects (15)
   (You found it on level 6 of the Dungeon)
 s - a wand of digging (4)
   (You found it on level 6 of the Dungeon)
Scrolls
 d - 2 scrolls of immolation {unknown}
 e - 2 scrolls of remove curse {unknown}
 f - 2 scrolls of enchant armour {unknown}
 i - 5 scrolls of identify {unknown}
 o - 2 scrolls of teleportation {unknown}
 r - a scroll of enchant weapon {unknown}
 v - a scroll of amnesia {unknown}
Potions
 n - 3 potions of haste
Comestibles
 c - 6 rations
 q - a chunk of flesh


   Skills:
 + Level 3.6 Fighting
 + Level 4.0 Dodging
 - Level 1.0 Stealth
 + Level 8.5 Unarmed Combat
 - Level 1.2 Spellcasting
 - Level 0.6 Transmutations
 - Level 2.1 Poison Magic
 + Level 4.0 Invocations


You had 8 spell levels left.
You knew the following spells:

 Your Spells              Type           Power        Failure   Level  Hunger
a - Sting                 Tmut/Pois      #...         16%         1    None

Your spell library contained the following spells:

 Spells                   Type           Power        Failure   Level  Hunger
 Poisonous Vapours        Pois/Air       #.....       26%         2    None
 Ignite Poison            Fire/Tmut/Pois #.......     50%         3    None
 Mephitic Cloud           Conj/Pois/Air  #.......     52%         3    None
 Olgreb's Toxic Radiance  Pois           #.......     73%         4    None


Dungeon Overview and Level Annotations

Branches:
Dungeon (8/15)             Temple (0/1) D:5
   Lair: D:8-11

Altars:
Dithmenos
Gozag
Makhleb
Sif Muna
Wu Jian
Zin

Shops:
D:4 =

Annotations:
D:7 3 runed translucent doors, Argons's ghost, novice DgFi; Ridhal's ghost, novice MfGl


Innate Abilities, Weirdness & Mutations

You are too large for most types of armour.
((You have claws for hands.))
Your metabolism is lightning-fast.
You like to eat raw meat.
Your natural rate of healing is unusually fast.
((You are covered in fur. (AC +1)))
((You have extremely tough skin. (AC +3)))


Message History

* * * LOW HITPOINT WARNING * * *
You are more poisoned.
The killer bee poisons you!
Okay, then.
It was a potion of curing.
You feel better. The killer bee stings you.
* * * LOW HITPOINT WARNING * * *
You are poisoned.
The killer bee poisons you! The orc priest closely misses you.
The killer bee stings you!
* * * LOW HITPOINT WARNING * * *
You scratch the orc priest but do no damage.
Your claw misses the orc priest.
You feel sick. The killer bee misses you.
The orc priest hits you with a cursed -3 falchion.
* * * LOW HITPOINT WARNING * * *
You claw the orc priest!
You kill the orc priest!
Makhleb accepts your kill.
Your Invocations skill increases to level 4!
The killer bee closely misses you. The killer bee completely misses you.
A killer bee comes into view.
You feel sick. The killer bee stings you.
* * * LOW HITPOINT WARNING * * *
You are lethally poisoned!
The killer bee poisons you! The killer bee misses you.
You climb downwards.
* * * LOW HITPOINT WARNING * * *
You feel sick.
There is a stone staircase leading up here.
Unknown command.
It was a potion of brilliance.
You feel clever all of a sudden.
* * * LOW HITPOINT WARNING * * *
You feel sick. The killer bee closely misses you. x2
It was a potion of lignification.
You turn into a tree.
Your +0 robe melds into your body.
Your roots penetrate the ground.
You feel sick.
The killer bee stings you but does no damage. x2
Unknown command.
You closely miss the killer bee.
You feel sick.
The killer bee stings you but does no damage. x2
Unknown command.
You smack the killer bee!
The killer bee is severely wounded.
You feel sick.
The killer bee stings you but does no damage. x2
Unknown command.
You closely miss the killer bee.
The killer bee is severely wounded.
The killer bee barely misses you. The killer bee stings you.
You die...

#.###...##.........
#.# ##.###.....####
#.####.###.)...# #
#........#.#####
##..)....[)#
#.......###
#..(....# #y......#
#♣......# #.......#
#.........#
#.......#.#
#.......#.#
######### . #


You could see a killer bee.

Vanquished Creatures
  A water moccasin (D:5)
  An orc warrior (D:8)
  3 ice beasts
  A sky beast (D:7)
  5 ogres
  3 bullfrogs (D:7)
  A scorpion (D:6)
  3 killer bees (D:7)
  3 orc priests
  A bullfrog skeleton (D:8)
  A centaur skeleton (D:7)
  3 orc wizards
  2 iguanas
  5 worker ants
  2 hound zombies (D:6)
  6 adders
  2 shadow imps
  An ooze (D:3)
  3 worms
  2 dart slugs
  5 leopard geckos
  18 orcs
  6 bats
  3 giant cockroaches
  3 goblins
  9 hobgoblins
  5 jackals
  4 kobolds
  A frilled lizard (D:3)
  A leopard gecko zombie (D:7)
  A quokka zombie (D:6)
  5 rats
110 creatures vanquished.

Notes
Turn   | Place    | Note
-------+----------+-------------------------------------------
     0 | D:1      | Flugslaktarn the Troll Venom Mage began the quest for the
                  | Orb.
     0 | D:1      | Reached XP level 1. HP: 16/16 MP: 1/1
    61 | D:1      | Reached skill level 1 in Unarmed Combat
   117 | D:1      | Reached XP level 2. HP: 23/24 MP: 2/2
   173 | D:1      | Reached skill level 2 in Unarmed Combat
   248 | D:2      | Reached XP level 3. HP: 23/31 MP: 1/3
   264 | D:3      | Noticed an ogre
   276 | D:3      | Killed an ogre
   276 | D:3      | Reached skill level 4 in Unarmed Combat
   276 | D:3      | Reached XP level 4. HP: 30/39 MP: 1/4
   346 | D:4      | Reached XP level 5. HP: 19/45 MP: 2/5
   351 | D:4      | Reached skill level 5 in Unarmed Combat
   384 | D:4      | Found Zianer's Jewellery Shop.
   446 | D:4      | Noticed an ogre
   587 | D:2      | Found a burning altar of Makhleb.
   596 | D:2      | Found a shimmering blue altar of Sif Muna.
   606 | D:2      | Became a worshipper of Makhleb the Destroyer
   628 | D:3      | Reached XP level 6. HP: 53/53 MP: 6/6
   636 | D:3      | Reached skill level 6 in Unarmed Combat
   758 | D:4      | Reached skill level 7 in Unarmed Combat
   761 | D:4      | Found a glowing silver altar of Zin.
   761 | D:4      | Found an opulent altar of Gozag.
   762 | D:4      | Found an ornate altar of the Wu Jian Council.
   902 | D:5      | Entered Level 5 of the Dungeon
   935 | D:5      | Reached XP level 7. HP: 16/61 MP: 5/7
  1013 | D:5      | Reached skill level 1 in Fighting
  1013 | D:5      | Reached skill level 1 in Invocations
  1138 | D:5      | Found a staircase to the Ecumenical Temple.
  1373 | D:6      | Reached * piety under Makhleb
  1392 | D:6      | Reached XP level 8. HP: 22/72 MP: 8/8
  1597 | D:7      | Reached skill level 8 in Unarmed Combat
  1647 | D:7      | Found a runed translucent gate.
  1649 | D:7      | Found a runed translucent gate.
  1650 | D:7      | Found a runed translucent gate.
  1651 | D:7      | Noticed Argons's ghost (novice DgFi)
  1652 | D:7      | Noticed Ridhal's ghost (novice MfGl)
  1857 | D:8      | Found a shadowy altar of Dithmenos.
  1914 | D:7      | Reached ** piety under Makhleb
  1932 | D:7      | HP: 2/76 [killer bee (4)]
  1937 | D:8      | HP: 1/114 [poisoned by a killer bee]
  1938 | D:8      | Slain by a killer bee

Illustrated notes

Levels and vault maps discovered:
D:1:      matt_arrival_grand_opening, layout_loops_ring
D:2:      layout_rooms, amethyst_overflow_temple_binary, first_ration,
          columned_hall_lemuel, doesnt_xom_only_xom, uniq_sigmund
D:3:      layout_basic
D:4:      layout_cave_pools, gammafunk_temple_overflow_forgotten, serial_shops,
          shop
D:5:      layout_layer_cave, minmay_temple_entry_purple_smoke
D:6:      layout_loops_ring, serial_glass, glass_columns_a, glass_columns_b,
          glass_columns_b, glass_columns_a
D:7:      layout_loops_ring, gammafunk_ghost_cemetery, serial_shops,
          nicolae_shop_trees
D:8:      layout_rooms, lemuel_round_altar, erik_lair_island,
          lightli_orcish_oven

Skill      XL: |  1  2  3  4  5  6  7  8 |
---------------+-------------------------+-----
Unarmed Combat | 1 2 4 5 7 8 |  8.5
Fighting       | 2 3 |  3.6
Dodging        | 2 4 |  4.0
Invocations    | 2 4 |  4.0
Stealth        | |  1.0
Spellcasting   | |  1.2
Transmutations | |  0.6
Poison Magic   | |  2.1

Action                   |  1- 3 |  4- 6 |  7- 9 || total
-------------------------+-------+-------+-------++-------
Melee: Unarmed           |    75 |   114 |   200 ||   389
       Punch             |       |     3 |    11 ||    14
 Cast: Sting             |     6 |    12 |     3 ||    21
Evoke: Wand              |       |       |     2 ||     2
  Use: Potion            |       |     2 |     3 ||     5
 Stab: Sleeping          |       |     1 |     2 ||     3
       Distracted        |       |     1 |       ||     1
  Eat: Chunk             |       |     3 |     5 ||     8
       Ration            |       |     1 |     1 ||     2
Armor: Robe              |    82 |    49 |    53 ||   184
       Skin              |       |       |     6 ||     6
Dodge: Dodged            |    86 |    76 |    96 ||   258

Table legend:
 A = Non-vault XP
 B = Vault XP
 C = Vault XP percentage of total XP
 D = Non-vault monster count
 E = Vault monster count
 F = Vault count percentage of total count
                 A         B        C        D         E       F
            +---------+---------+-------+---------+---------+-------
      Total |    2789 |       0 |   0.0 |     110 |       0 |   0.0
            +---------+---------+-------+---------+---------+-------
        D:1 |      29 |       0 |   0.0 |      14 |       0 |   0.0
        D:2 |      18 |       0 |   0.0 |       9 |       0 |   0.0
        D:3 |     245 |       0 |   0.0 |      25 |       0 |   0.0
        D:4 |     421 |       0 |   0.0 |       9 |       0 |   0.0
        D:5 |     610 |       0 |   0.0 |      11 |       0 |   0.0
        D:6 |     316 |       0 |   0.0 |      14 |       0 |   0.0
        D:7 |     769 |       0 |   0.0 |      22 |       0 |   0.0
        D:8 |     381 |       0 |   0.0 |       6 |       0 |   0.0
            +---------+---------+-------+---------+---------+-------
